 Dungeon Crawl Stone Soup version 0.18-a0-1570-gf60b0ab (webtiles) character file.

32 Duffy the Chopper (level 3, -4/27 HPs)
             Began as a Demonspawn Gladiator on Mar 14, 2016.
             Slain by mopl's ghost (7 damage)
             ... on level 3 of the Dungeon.
             The game lasted 00:00:38 (763 turns).

Duffy the Chopper (Demonspawn Gladiator)             Turns: 763, Time: 00:00:38

Health: -4/27      AC:  6    Str: 15    XL:     3   Next: 10%
Magic:  3/3        EV: 12    Int:  9    God:
Gold:   65         SH:  0    Dex: 14    Spells: 0 memorised, 2 levels left

rFire  . . .     SeeInvis .     a - +0 war axe
rCold  . . .     Gourm    .     b - +0 leather armour
rNeg   . . .     Faith    .     (no shield)
rPois  .         Spirit   .     c - +0 helmet
rElec  .         Dismiss  .     (no cloak)
rCorr  .         Reflect  .     (no gloves)
SustAt .         Harm     .     (no boots)
MR     .....                    (no amulet)
Stlth  +.........               (no ring)
                                (no ring)

@: not resistant to hostile enchantments, very unstealthy
A: thin metallic scales 1
a: no special abilities


You were on level 3 of the Dungeon.
You were not hungry.

You visited 1 branch of the dungeon, and saw 3 of its levels.

You collected 65 gold pieces.


Innate Abilities, Weirdness & Mutations

You are partially covered in thin metallic scales (AC +2).


   Skills:
 - Level 2.0 Fighting
 + Level 3.9 Axes
 - Level 1.7 Throwing
 - Level 2.6 Dodging


You had 2 spell levels left.
You didn't know any spells.

Inventory:

Hand Weapons
 a - a +0 war axe (weapon)
Missiles
 d - 3 throwing nets (quivered)
Armour
 b - a +0 leather armour (worn)
 c - a +0 helmet (worn)
Potions
 e - a potion of cure mutation {unknown}
Comestibles
 f - 3 bread rations
 g - a beef jerky
 h - a slice of pizza

Dungeon Overview and Level Annotations

Branches:
Dungeon (3/15)

Altars:
Trog

Annotations:
D:3 mopl's ghost, weakling DsGl


Message History

You are too injured to fight recklessly!
You are too injured to fight recklessly!
You are too injured to fight recklessly!
You are too injured to fight recklessly!
You are too injured to fight recklessly!
You are too injured to fight recklessly!
You are too injured to fight recklessly!
You are too injured to fight recklessly!
You are too injured to fight recklessly!
You are too injured to fight recklessly!
You are too injured to fight recklessly!
You are too injured to fight recklessly!
You are too injured to fight recklessly!
You are too injured to fight recklessly!
You are too injured to fight recklessly!
You closely miss mopl's ghost. Mopl's ghost hits you.
You hit mopl's ghost but do no damage. Mopl's ghost closely misses you.
You completely miss mopl's ghost.
Mopl's ghost hits you but does no damage.
Mopl's ghost closely misses you.
You barely miss mopl's ghost. Mopl's ghost closely misses you.
You closely miss mopl's ghost. Mopl's ghost misses you.
You hit mopl's ghost.
Mopl's ghost is lightly damaged.
Mopl's ghost barely misses you. Mopl's ghost hits you.
You hit mopl's ghost but do no damage.
Mopl's ghost is lightly damaged.
Mopl's ghost hits you.
You hit mopl's ghost but do no damage.
Mopl's ghost is lightly damaged.
Mopl's ghost barely misses you.
You hit mopl's ghost.
Mopl's ghost is moderately damaged.
Mopl's ghost hits you!
You die...

#.# #.
#.#
#.###..
#.....#
##.#...
#.....##
#....W.#
#..#.@.#
#....<.#
###..#.#
.....
...
#####.
##... #.
.### #.
# .. ##


You could see mopl's ghost.

Action                   || total
-------------------------++-------
Melee: War axe           ||    64

Notes
Turn   | Place    | Note
--------------------------------------------------------------
     0 | D:1      | Duffy the Demonspawn Gladiator began the quest for the Orb.
     0 | D:1      | Reached XP level 1. HP: 16/16 MP: 1/1
   108 | D:1      | Reached skill level 3 in Axes
   268 | D:1      | Gained mutation: You are partially covered in thin metallic scales (AC +2). [demonic ancestry]
   268 | D:1      | Reached XP level 2. HP: 12/22 MP: 2/2
   655 | D:2      | Found a bloodstained altar of Trog.
   690 | D:2      | Reached XP level 3. HP: 22/27 MP: 3/3
   752 | D:3      | Noticed mopl's ghost (weakling DsGl)
   763 | D:3      | Slain by mopl's ghost

Vault maps used:
D:1:      evilmike_arrival_plus, minmay_gold_behind_fungi, fountainhead,
          minmay_splitting_lines
D:2:      first_bread, trog_book
D:3:      zin_statuary, old_standard_altar, ecumenical_altar_2,
          nemelex_dance_club_becter

Vanquished Creatures
  An adder
  An ooze
  A dart slug
  A bat
  A giant cockroach
  5 goblins
  2 hobgoblins
  A kobold
  A giant newt
  2 rats
16 creatures vanquished.
